 Dungeon Crawl Stone Soup version 0.16-a0-783-gf476f6a (webtiles) character file.

198 Chiseanne the Magician (level 5, -3/35 HPs)
             Began as a Demonspawn Wizard on Sept 26, 2014.
             Was an Initiate of Vehumet.
             Slain by an iguana (4 damage)
             ... on Level 4 of the Dungeon.
             The game lasted 00:14:15 (4206 turns).

Chiseanne the Magician (Demonspawn Wizard)          Turns: 4206, Time: 00:14:15

HP  -3/35        AC 11     Str  8      XL: 5   Next: 47%
MP   1/14        EV 10     Int 20      God: Vehumet [......]
Gold 116         SH  0     Dex 13      Spells:  5 memorised,  2 levels left

rFire  . . .     SeeInvis +     f - +1 dagger (protect)
rCold  . . .     Clarity  .     n - +0 leather armour
rNeg   . . .     rCorr    .     (no shield)
rPois  .         rRot     .     b - +1 hat
rElec  .         Spirit   .     e - +0 cloak (curse)
SustAb .         Warding  .     g - +0 pair of gloves
rMut   .         Stasis   .     (no boots)
Gourm  .                        (no amulet)
MR     .....                    (no ring)
                                a - ring of see invisible

@: very slightly contaminated, repel missiles, not resistant to hostile
enchantments, unstealthy
A: horns 1, thin skeletal structure 1
a: Renounce Religion


You were on level 4 of the Dungeon.
You worshipped Vehumet.
Vehumet was noncommittal.
You were very hungry.

You visited 2 branches of the dungeon, and saw 5 of its levels.

You collected 116 gold pieces.

Inventory:

Hand weapons
 f - a +1 dagger of protection (weapon)
 s - a +1 halberd of distortion
Missiles
 i - 9 poisoned needles
Armour
 b - a +1 hat (worn)
 e - a cursed +0 cloak (worn)
 g - a +0 pair of gloves (worn)
 n - a +0 leather armour (worn)
Comestibles
 d - 4 bread rations
Scrolls
 l - 2 scrolls of amnesia
 o - a scroll of identify
Jewellery
 a - a ring of see invisible (left hand)
Potions
 h - 4 potions of brilliance
 m - 2 potions of restore abilities
Books
 c - a book of Minor Magic

   Spells                             Type                      Level
   *Magic Dart                        Conjuration                  1
   *Blink                             Translocation                2
   Call Imp                           Summoning                    2
   *Repel Missiles                    Charms/Air                   2
   Slow                               Hexes                        2
   *Conjure Flame                     Conjuration/Fire             3
   *Mephitic Cloud                    Conjuration/Poison/Air       3
 j - a book of the Earth

   Spells                             Type                      Level
   Leda's Liquefaction                Hexes/Earth                  4
   Bolt of Magma                      Conjuration/Fire/Earth       5
   Statue Form                        Transmutation/Earth          6
   Iron Shot                          Conjuration/Earth            6
   Shatter                            Earth                        9


   Skills:
 * Level 2.2 Dodging
 * Level 2.0 Stealth
 * Level 4.8 Spellcasting
 * Level 3.0 Conjurations
   Level 1.0 Summonings
 - Level 0.8 Translocations


You had 2 spell levels left.
You knew the following spells:

 Your Spells              Type           Power        Failure   Level  Hunger
a - Magic Dart            Conj           ###.         3%          1    None
b - Repel Missiles        Chrm/Air       #.....       21%         2    None
c - Conjure Flame         Conj/Fire      ##......     21%         3    ###....
d - Mephitic Cloud        Conj/Pois/Air  #.......     24%         3    ###....
e - Blink                 Tloc           N/A          14%         2    None


Dungeon Overview and Level Annotations

Branches:
Dungeon (4/15)             Temple (1/1) D:4

Altars:
Cheibriados
Gozag
Nemelex Xobeh
Okawaru
Qazlal
Sif Muna
Vehumet
Xom
The Shining One

Annotations:
D:2 exclusion: 2 downstairs
D:3 Sigmund


Innate Abilities, Weirdness & Mutations

You have a pair of small horns on your head.
You have a somewhat thin skeletal structure (Dex +2, Stealth).


Message History

The iguana is severely wounded.
The iguana bites you!
* * * LOW HITPOINT WARNING * * *
You closely miss the iguana.
The iguana is severely wounded.
The iguana bites you!
* * * LOW HITPOINT WARNING * * *
Drink which item? (? for menu, Esc to quit)
Okay, then.
Read which item? (? for menu, Esc to quit)
Okay, then.
Casting: Magic Dart
Confirm with . or Enter, or press ? or * to list all spells.
Aiming: Magic Dart
Press: ? - help, Shift-Dir - straight line, f/p - iguana
Aim: an iguana (severely wounded)
The magic dart hits the iguana.
The iguana is severely wounded.
The iguana bites you.
You die...

##....# #..## ##.###
#...# #.# #...#
#.##########...#
#..............#
########.....##...#
.............##...#
#########.....##%###
#..@l..............s
#.##############.##.
#ยง# #.##. #.# #.##.
#.# #.##. #.# #.##.
#.# #.##. #.# #.##.
#.# ###########.##.


You could see an iguana.

Vanquished Creatures
  A scorpion (D:4)
  A worker ant (D:4)
  3 adders (D:2)
  3 gnolls (D:2)
  A giant mite (D:3)
  2 oozes (D:2)
  2 orcs
  4 bats
  4 giant cockroaches
  4 hobgoblins (D:1)
  2 jackals (D:1)
  2 quokkas
  A ball python (D:1)
  7 giant newts
  8 goblins
  4 kobolds
  11 rats
60 creatures vanquished.

Notes
Turn   | Place    | Note
--------------------------------------------------------------
     0 | D:1      | Chiseanne, the Demonspawn Wizard, began the quest for the Orb.
     0 | D:1      | Reached XP level 1. HP: 13/13 MP: 4/4
   213 | D:1      | Gained mutation: You have a pair of small horns on your head. [demonic ancestry]
   213 | D:1      | Reached XP level 2. HP: 4/19 MP: 0/6
   942 | D:1      | Learned a level 2 spell: Repel Missiles
  1133 | D:1      | Reached XP level 3. HP: 24/24 MP: 6/8
  1138 | D:1      | Learned a level 3 spell: Conjure Flame
  1142 | D:1      | Learned a level 3 spell: Mephitic Cloud
  1411 | D:2      | Reached skill level 4 in Spellcasting
  2107 | D:2      | Gained mutation: You have a somewhat thin skeletal structure (Dex +2, Stealth). [demonic ancestry]
  2107 | D:2      | Reached XP level 4. HP: 30/30 MP: 0/11
  2946 | D:3      | Noticed Sigmund
  2947 | D:3      | Noticed a black bear
  3314 | D:3      | Learned a level 2 spell: Blink
  3584 | D:4      | Reached XP level 5. HP: 19/35 MP: 1/14
  3820 | D:4      | Found a staircase to the Ecumenical Temple.
  3837 | Temple   | Entered the Ecumenical Temple
  3858 | Temple   | Became a worshipper of Vehumet
  3980 | D:4      | Found a glowing golden altar of the Shining One.
  4205 | D:4      | HP: 1/35 [iguana (7)]
  4206 | D:4      | Slain by an iguana

Action                   |  1- 3 |  4- 6 || total
-------------------------+-------+-------++-------
Melee: Dagger            |    52 |     9 ||    61
 Cast: Magic Dart        |    88 |    92 ||   180
       Repel Missiles    |     1 |       ||     1
       Conjure Flame     |     1 |     4 ||     5
       Mephitic Cloud    |       |     4 ||     4
       Blink             |       |     2 ||     2
  Use: Scroll            |     3 |     6 ||     9
       Potion            |       |     5 ||     5
  Eat: Chunk             |     2 |     1 ||     3
       Royal jelly       |     1 |       ||     1
       Bread ration      |       |     1 ||     1
